Description

This build order can be used with Embot Advanced mod in Starcraft 2 to make it easier for new players to learn the game. This is just a beginner build order for new players.

Click on the "Get SALT Encoding" option below, then you can copy paste that string into Embot Advanced to practice the build order in a custom match vs AI.

VOD

https://www.youtube.com/watch?v=gIlz-U83XHg

Build Order

Get SALT Encoding   

  14  0:17  Supply Depot  
  16  0:40  Barracks  Reactor > Marine production
  16  0:44  Refinery  + Send SCV across map
  19  1:29  Barracks Reactor, Orbital Command  
  19  1:44  Command Center  
  20  2:00  Supply Depot  
  21  2:11  Marine x2  Put 4x Marines into bunker
  21  2:18  Factory  Tech Lab > Siege Tank
  22  2:26  Refinery  2nd gas (main)
  23  2:44  Bunker  Can use 20 Depot SCV to build this bunker
  30  2:58  Orbital Command  
  31  3:10  Starport, Factory Tech Lab  
  42  3:38  Siege Tank  Safety tank on high ground
  42  3:44  Supply Depot  Gary / Bruce
  46  4:05  Viking  Fly through enemy main
  52  4:33  Barracks  Tech Lab > Stim
  53  4:36  Barracks  Tech Lab > Shields > Concussive
  53  4:38  Barracks  Reactor
  53  4:39  Barracks  Reactor
  60  4:56  Starport Reactor  Medivac production
  62  5:27  Refinery x2  3rd gas (natural), 4th gas (natural)
  64  5:29  Engineering Bay  
  64  5:33  Barracks Tech Lab x2  
  64  5:34  Barracks Reactor x2  
  73  5:52  Stimpack  
  75  5:54  Combat Shield  
  76  6:10  Terran Infantry Weapons Level 1  
  95  6:48  Concussive Shells  
Spawning Tool Build Advisor. Get it on Overwolf

Go to:

Details

  • Created by: nullvalue
  • Published on: Oct 30, 2023
  • Modified on: Oct 30, 2023
  • Patch: 5.0.11
  • Difficulty: Easy
Show
View Real Time Build Order
Export as new Build Order

Comments (0)

There are no comments. Be the first!

Create an account to comment!